 Dungeon Crawl Stone Soup version 0.29.1-2-gbd0b4ee654 (webtiles) character file.

Game seed: 17685170052171099711

7234 RascalDebosk the Thaumaturge (level 11, -2/82 HPs)
             Began as a Djinni Air Elementalist on Oct 28, 2022.
             Was an Initiate of Ashenzari.
             Slain by a sun demon (3 damage)
             ... summoned by a kobold demonologist
             ... on level 8 of the Dungeon on Oct 29, 2022.
             The game lasted 01:24:19 (12637 turns).

RascalDebosk the Thaumaturge (DjAE)                Turns: 12637, Time: 01:24:19

Health: -2/82      AC:  8    Str:  7    XL:     11   Next: 33%
Gold:   26         EV: 11    Int: 20    God:    Ashenzari [......] SH:  9 Dex: 15

rFire   + + .      SeeInvis .   p - +8 long sword of the Snake Pit {spect, rN+}
rCold   x . .      Faith    .   A - +0 kite shield
rNeg    + + +      Spirit   .   D - +0 acid dragon scales
rPois   ∞          Reflect  .   q - +0 hat "Sialeb" {Will+ Slay+2}
rElec   .          Harm     .   I - +0 cloak {Will+}
rCorr   +          Rampage  .   (no gloves)
Will    +++..                   (boots unavailable)
Stlth   ++........              C - amulet of the acrobat
HPRegen 0.23/turn               m - ring of positive energy
MPRegen 0.00/turn               B - ring of positive energy

@: flying, studying Polearms
A: sickness immunity, fire resistance 2, cold vulnerability 1, float, innate
caster, HP casting, extra vitality 1
a: Renounce Religion, Curse Item


You were on level 8 of the Dungeon.
You worshipped Ashenzari.
Ashenzari was noncommittal.
You visited 2 branches of the dungeon, and saw 9 of its levels.

You collected 418 gold pieces.
You spent 392 gold pieces at shops.

Inventory:

Hand Weapons
 p - the +8 long sword of the Snake Pit (weapon) {spect, rN+}
   (You bought it in a shop on level 5 of the Dungeon)

   When its wielder attacks, the weapon's spirit leaps out and strikes again.
   The spirit shares a part of any damage it takes with its wielder.
   rN:        It protects you from negative energy.
 G - a +4 scimitar
Armour
 q - the +0 hat "Sialeb" (worn) {Will+ Slay+2}
   (You bought it in a shop on level 2 of the Dungeon)

   Slay:      It affects your accuracy & damage with ranged weapons and melee
   (+2).
   Will:      It increases your willpower.
 A - a +0 kite shield (worn)
 D - +0 acid dragon scales (worn)
 I - a +0 cloak of willpower (worn)
Jewellery
 m - a ring of positive energy (left hand)
 B - a ring of positive energy (right hand)
 C - an amulet of the acrobat (around neck)
Wands
 i - a wand of polymorph (24)
 j - a wand of roots (2)
 u - a wand of acid (6)
 E - a wand of mindburst (16)
Scrolls
 a - 2 scrolls of torment
 d - a scroll of magic mapping
 e - 2 scrolls of immolation
 f - a scroll of vulnerability {unknown}
 k - 2 scrolls of enchant armour
 o - a scroll of blinking {unknown}
 s - 3 scrolls of poison
 t - 7 scrolls of teleportation
 v - a scroll of fear
 x - a scroll of acquirement {unknown}
 y - a scroll of enchant weapon {unknown}
Potions
 b - a potion of lignification {unknown}
 g - 3 potions of mutation
 h - 2 potions of curing
 l - 3 potions of haste
 n - 4 potions of flight
 w - a potion of magic {unknown}
 z - a potion of berserk rage {unknown}
 F - a potion of might {unknown}
 H - a potion of attraction {unknown}


   Skills:
 + Level 8.5 Fighting
 + Level 2.6 Long Blades
 - Level 4.0 Armour
 - Level 5.0 Dodging
 - Level 1.5 Stealth
 - Level 4.0 Shields
 * Level 9.7 Spellcasting


You had 5 spell levels left.
You knew the following spells:

 Your Spells              Type           Power      Damage    Failure   Level
a - Shock                 Conj/Air       100%       1d9       1%          1
b - Static Discharge      Conj/Air       48%        3-9/arc   1%          2
c - Swiftness             Air            48%        N/A       1%          3
d - Airstrike             Air            24%        2d(4-20)  7%          4
e - Necrotise             Necr           100%       1d9       1%          1
f - Blink                 Tloc           96%        N/A       1%          2
g - Ensorcelled Hibernat  Hex/Ice        96%        N/A       1%          2
h - Animate Armour        Summ/Erth      96%        N/A       7%          4
i - Iskenderun's Battles  Conj           48%        2d10      19%         5
Your spell library was empty.

Dungeon Overview and Level Annotations

Branches:
Dungeon (8/15)             Temple (1/1) D:4
   Lair: D:8-11

Altars:
Ashenzari
Cheibriados
Dithmenos
Elyvilon
Fedhas
Hepliaklqana
Makhleb
Nemelex Xobeh
Okawaru
Qazlal
Ru
Trog
Wu Jian
Xom
Yredelemnul
Zin
The Shining One

Shops:
D:2 [   D:5 =(?[


Innate Abilities, Weirdness & Mutations

You are immune to sickness and miasma.
You are immune to poison.
Your flesh is very heat resistant. (rF++)
You are vulnerable to cold. (rC-)
You float through the air rather than walking.
You learn spells naturally, not from books.
Your magical power is your life essence.
You have superior vitality. (+4 MHP)


Message History

Aim: a kobold, wielding a +0 dagger (heavily wounded, 67% to hit)
The zap hits the kobold but does no damage.
The kobold is heavily wounded.
Aiming: Shock (safe; 1% risk of failure)
Press: ? - help, Q - select action, (/) - cycle Shift-Dir - straight line, f/p - kobold
Aim: a kobold, wielding a +0 dagger (heavily wounded, 67% to hit)
The zap hits the kobold.
You kill the kobold!
You start resting.
A kobold demonologist comes into view. It is wielding a +0 dagger.
Casting: Shock (safe; 1% risk of failure)
Confirm with . or Enter, or press ? or * to list all spells.
Aiming: Airstrike (dangerous; 7% risk of failure)
Press: ? - help, Dir - move target, f - kobold demonologist
Aim: a kobold demonologist, wielding a +0 dagger and wearing a +0 robe (wandering, hasn't noticed you, empty space bonus: 2/8)
The air twists around and strikes the kobold demonologist.
The kobold demonologist shouts!
The kobold demonologist is lightly wounded.
You hear a shout!
Casting: Airstrike (dangerous; 7% risk of failure)
Confirm with . or Enter, or press ? or * to list all spells.
You conjure a globe of magical energy.
The kobold demonologist gestures wildly while chanting.
Casting: Iskenderun's Battlesphere (dangerous; 19% risk of failure)
Confirm with . or Enter, or press ? or * to list all spells.
Aiming: Airstrike (dangerous; 7% risk of failure)
Press: ? - help, Dir - move target, f/p - kobold demonologist
Aim: a kobold demonologist, wielding a +0 dagger and wearing a +0 robe (lightly wounded, empty space bonus: 2/8)
The air twists around and strikes the kobold demonologist.
The kobold demonologist is moderately wounded.
The kobold demonologist gestures wildly while chanting.
Aiming: Shock (safe; 1% risk of failure)
Press: ? - help, Q - select action, (/) - cycle Shift-Dir - straight line, f/p - kobold demonologist
Aim: a kobold demonologist, wielding a +0 dagger and wearing a +0 robe (moderately wounded, 64% to hit)
The zap hits the sixfirhy.
The sixfirhy completely resists.
The zap hits the kobold demonologist.
The kobold demonologist is moderately wounded.
The zap hits the sun demon but does no damage.
Your battlesphere fires!
The barrage of energy hits the sixfirhy!
The sixfirhy is moderately wounded.
The sixfirhy hits you! The sixfirhy shocks you!
Aiming: Shock (safe; 1% risk of failure)
Press: ? - help, Q - select action, (/) - cycle Shift-Dir - straight line, f/p - kobold demonologist
Aim: a kobold demonologist, wielding a +0 dagger and wearing a +0 robe (moderately wounded, ally target, 64% to hit)
The zap misses the sixfirhy.
The zap misses the kobold demonologist.
The zap hits the sun demon.
The sun demon resists.
The sun demon is lightly wounded.
The sixfirhy hits you!
* * * LOW HITPOINT WARNING * * *
The sixfirhy shocks you!
* * * LOW HITPOINT WARNING * * *
You block the sixfirhy's attack.
Your battlesphere fires!
The barrage of energy hits the sixfirhy!
The sixfirhy is heavily wounded.
You block the sixfirhy's attack. The sixfirhy barely misses you.
The kobold demonologist begins to cast a cantrip, but forgets the words!
Casting: Shock (safe; 1% risk of failure)
Confirm with . or Enter, or press ? or * to list all spells.
The air crackles with electrical energy.
* * * LOW HITPOINT WARNING * * *
The sixfirhy barely misses you. You block the sixfirhy's attack.
Your battlesphere fires!
The barrage of energy hits the kobold demonologist.
The kobold demonologist is heavily wounded.
Aiming: Shock (safe; 1% risk of failure)
Press: ? - help, Q - select action, (/) - cycle Shift-Dir - straight line, f/p - kobold demonologist
Aim: a kobold demonologist, wielding a +0 dagger and wearing a +0 robe (heavily wounded, ally target, 64% to hit)
The zap hits the sixfirhy.
The sixfirhy completely resists.
The sixfirhy is heavily wounded.
The zap misses the kobold demonologist.
The zap hits the sun demon.
The sun demon resists.
The sun demon is lightly wounded.
The zap hits the sun demon.
The sun demon completely resists.
The sun demon is lightly wounded.
* * * LOW HITPOINT WARNING * * *
Your battlesphere fires!
The barrage of energy hits the sixfirhy!
The sixfirhy is almost dead.
The kobold demonologist gestures wildly while chanting.
Aiming: Shock (safe; 1% risk of failure)
Press: ? - help, Q - select action, (/) - cycle Shift-Dir - straight line, f/p - kobold demonologist
Aim: a kobold demonologist, wielding a +0 dagger and wearing a +0 robe (heavily wounded, 64% to hit)
The zap hits the sixfirhy.
The sixfirhy completely resists.
The sixfirhy is almost dead.
The zap hits the kobold demonologist.
The kobold demonologist is heavily wounded.
* * * LOW HITPOINT WARNING * * *
Your battlesphere fires!
The barrage of energy hits the sixfirhy!
You kill the sixfirhy!
The sixfirhy disappears in a puff of smoke!
The kobold demonologist mumbles some strange words.
The sun demon hits you!!
* * * LOW HITPOINT WARNING * * *
You are engulfed in flames.
You resist.
You die...

####.#.##
## ...
...
#.......#
##.#..##
#.......#
# #.. .
#.......#
#. #
#.......#
#.......#
#...*...#
#.......#
#...@.45#
#....3K.#
#
#.....).#
K#
#######)#


KK# #)# KKK #)### .K #.).##.# ###....# ###### You could see a sun demon
(summoned), a rust devil (summoned), a kobold demonologist, a white imp
(summoned) and a friendly battlesphere.

Vanquished Creatures
  A two-headed ogre (D:8)
  Pikel (D:7)
  Maurice (D:8)
  Joseph (D:8)
  Psyche (D:8)
  Grinder (D:5)
  4 yaks (D:8)
  A steam dragon (D:7)
  Grum (D:8)
  An acid dragon (D:7)
  Edmund (D:4)
  3 sky beasts
  2 ice beasts (D:7)
  An orc warrior (D:6)
  4 black bears
  2 wolves
  2 ogres (D:4)
  3 centaurs
  3 phantoms
  A lemure (D:7)
  12 kobold brigands
  A bullfrog (D:8)
  A necrophage (D:5)
  2 scorpions
  5 wights (D:8)
  A howler monkey (D:6)
  A hound (D:5)
  A jelly (D:7)
  5 orc priests
  A gnoll bouda (D:6)
  Ijyb (D:5)
  2 orc wizards
  4 iguanas
  10 gnolls
  9 adders
  2 shadow imps
  A white imp (D:6)
  An ufetubus (D:5)
  2 worms
  2 dart slugs (D:2)
  23 orcs
  8 endoplasms
  2 giant cockroaches
  5 goblins
  4 hobgoblins
  7 jackals
  16 kobolds
  A quokka (D:4)
  3 ball pythons
  4 bats
  2 frilled lizards (D:2)
  2 rats (D:1)
176 creatures vanquished.

Vanquished Creatures (collateral kills)
  A yak (D:8)
  A sky beast (D:6)
  A necrophage (D:6)
  2 gnolls (D:6)
  An ufetubus (D:6)
  A kobold (D:8)
7 creatures vanquished.

Grand Total: 183 creatures vanquished

Notes
Turn   | Place    | Note
-------+----------+-------------------------------------------
     0 | D:1      | RascalDebosk the Djinni Air Elementalist began the quest
                  | for the Orb.
     0 | D:1      | RascalDebosk set off with the following spells memorised:
                  | Shock, Static Discharge, Swiftness, Airstrike.
     0 | D:1      | Reached XP level 1. HP: 15/15 MP: 0/0
    67 | D:1      | Found a faded altar of an unknown god.
   451 | D:1      | Reached XP level 2. HP: 18/22 MP: 0/0
  1165 | D:2      | Reached skill level 1 in Fighting
  1230 | D:2      | Reached skill level 3 in Spellcasting
  1230 | D:2      | Reached XP level 3. HP: 18/27 MP: 0/0
  1230 | D:2      | Learned a level 1 spell: Necrotise
  1961 | D:2      | Found Berain's Antique Armour Emporium.
  2335 | D:3      | Reached XP level 4. HP: 25/32 MP: 0/0
  2431 | D:3      | Noticed a scorpion
  2436 | D:3      | Killed a scorpion
  2437 | D:3      | Reached skill level 1 in Armour
  2437 | D:3      | Reached XP level 5. HP: 33/38 MP: 0/0
  2437 | D:3      | Learned a level 2 spell: Blink
  3141 | D:3      | Found a sparkling altar of Nemelex Xobeh.
  3735 | D:4      | Noticed an ogre
  3743 | D:4      | Killed an ogre
  3744 | D:4      | Reached skill level 4 in Spellcasting
  3744 | D:4      | Reached XP level 6. HP: 23/45 MP: 0/0
  4054 | D:2      | Bought a spiked hat for 171 gold pieces
  4054 | D:2      | Identified the +0 hat "Sialeb" {Will+ Slay+2} (You bought
                  | it in a shop on level 2 of the Dungeon)
  4405 | D:4      | Noticed a black bear
  4414 | D:4      | Killed a black bear
  4415 | D:4      | Reached XP level 7. HP: 35/50 MP: 0/0
  4415 | D:4      | Learned a level 2 spell: Ensorcelled Hibernation
  4611 | D:4      | Found a staircase to the Ecumenical Temple.
  4625 | D:4      | Noticed Edmund
  4630 | D:4      | Killed Edmund
  4641 | Temple   | Entered the Ecumenical Temple
  4641 | Temple   | Found a transporter.
  4641 | Temple   | Found a transporter.
  4748 | Temple   | Found a transporter.
  4748 | Temple   | Found a transporter.
  4769 | Temple   | Became a worshipper of Ashenzari the Shackled
  5191 | D:4      | Reached skill level 5 in Spellcasting
  5484 | D:4      | Reached XP level 8. HP: 41/58 MP: 0/0
  5749 | D:5      | Entered Level 5 of the Dungeon
  5801 | D:5      | Noticed Grinder
  5810 | D:5      | Killed Grinder
  5930 | D:5      | Found Fecaot's Antique Armour Emporium.
  5981 | D:5      | Found Uqim's Antique Weapon Emporium.
  6055 | D:5      | Found Nacvutan's Jewellery Shop.
  6175 | D:5      | Found the +8 Wrath of Trog {antimagic, *Rage Rampage}
  6200 | D:5      | Reached skill level 1 in Shields
  6325 | D:5      | Found Qinec's Magic Scroll Emporium.
  6329 | D:5      | Bought a scroll of poison for 60 gold pieces
  6488 | D:5      | Found a stormy altar of Qazlal.
  6488 | D:5      | Noticed Ijyb
  6495 | D:5      | Killed Ijyb
  6857 | D:5      | Reached skill level 5 in Fighting
  6857 | D:5      | Reached skill level 6 in Spellcasting
  7023 | D:6      | Reached XP level 9. HP: 43/65 MP: 0/0
  7023 | D:6      | Learned a level 4 spell: Animate Armour
  8401 | D:6      | Reached skill level 7 in Spellcasting
  8693 | D:6      | Found a snail-covered altar of Cheibriados.
  9628 | D:7      | Reached XP level 10. HP: 69/73 MP: 0/0
 10123 | D:7      | Identified the +7 spear of Uncertain Death {drain, rF+}
 10410 | D:7      | Noticed Pikel
 10419 | D:7      | Killed Pikel
 10420 | D:7      | Reached skill level 8 in Spellcasting
 10653 | D:8      | Noticed Grum
 10778 | D:8      | Killed Grum
 10850 | D:8      | Noticed Psyche
 11182 | D:8      | Noticed Maurice
 11224 | D:8      | Reached skill level 5 in Dodging
 11231 | D:8      | Killed Maurice
 11464 | D:8      | Noticed Joseph
 11469 | D:8      | Killed Joseph
 11470 | D:8      | Reached skill level 9 in Spellcasting
 11708 | D:8      | Noticed a two-headed ogre
 11715 | D:8      | Killed a two-headed ogre
 11716 | D:8      | Reached skill level 1 in Long Blades
 11716 | D:8      | Reached XP level 11. HP: 59/81 MP: 0/0
 11716 | D:8      | Learned a level 5 spell: Iskenderun's Battlesphere
 11843 | D:8      | Killed Psyche
 11910 | D:5      | Bought a transparent long sword for 161 gold pieces
 11910 | D:5      | Identified the +8 long sword of the Snake Pit {spect, rN+}
                  | (You bought it in a shop on level 5 of the Dungeon)
 12632 | D:8      | Noticed a sixfirhy
 12633 | D:8      | Noticed a sun demon
 12637 | D:8      | HP: 1/82 [sun demon[a kobold demonologist] (24)]
 12637 | D:8      | Slain by a sun demon

Illustrated notes

Levels and vault maps discovered:
D:1:      erik_arrival_orb_chamber, layout_loops_cross,
          hellmonk_ecumenical_altar_arch_garden, grunt_decor_resistance
D:2:      layout_basic, serial_shops, nicolae_shop_hallway_stairs
D:3:      layout_basic, marbit_many_paths, skrybe_limestone_x
D:4:      minmay_general_purpose_star, layout_rooms,
          minmay_temple_entry_antechambers, serial_curves, eino_curves_04,
          eino_curves_04, eino_curves_03, eino_curves_02, minivault_5,
          uniq_edmund
D:5:      layout_gridville, grunt_qazlal_clouds, serial_shops, shop,
          nicolae_shop_crystal, shop, shop_statue,
          chequers_serial_rivers_micro_d, uniq_grinder, uniq_ijyb
D:6:      layout_layer_cave, mainiacjoe_overflow_small_starburst, abandoned_shop
D:7:      layout_basic, uniq_pikel
D:8:      layout_rooms, special_room [special_room_kobold], uniq_joseph,
          uniq_grum, uniq_maurice, uniq_psyche
Temple:   hellmonk_temple_divided_pantheon

Skill      XL: |  1  2  3  4  5  6  7  8  9 10 11 |
---------------+----------------------------------+-----
Fighting       | 1 2 3 5 6 8 |  8.5
Spellcasting   | 3 4 5 6 7 9 |  9.7
Armour         | 1 2 3 4 |  4.0
Shields        | 2 4 |  4.0
Dodging        | 3 5 |  5.0
Long Blades    | 1 2 |  2.6
Stealth        | |  1.5

Action                   |  1- 3 |  4- 6 |  7- 9 | 10-12 || total
-------------------------+-------+-------+-------+-------++-------
Melee: Long sword        |    30 |    19 |    21 |     1 ||    71
       Short sword       |       |       |     1 |       ||     1
       Scimitar          |       |       |       |     1 ||     1
 Cast: Shock             |    47 |    62 |   209 |    85 ||   403
       Necrotise         |     3 |     5 |     2 |     7 ||    17
       Static Discharge  |       |     5 |    25 |    25 ||    55
       Blink             |       |     1 |       |       ||     1
       Ensorcelled Hiber |       |       |     1 |       ||     1
       Airstrike         |       |       |     6 |    19 ||    25
       Animate Armour    |       |       |     2 |     3 ||     5
       Iskenderun's Batt |       |       |       |     7 ||     7
  Use: Scroll            |       |     5 |     5 |       ||    10
       Potion            |       |     2 |       |     1 ||     3
 Stab: Sleeping          |     1 |       |     1 |       ||     2
Armor: Ring mail         |    17 |    27 |    33 |     1 ||    78
       Acid dragon scale |       |       |       |     4 ||     4
Dodge: Dodged            |    26 |    24 |    45 |    19 ||   114
Block: Buckler           |       |     1 |    18 |     9 ||    28
       Kite shield       |       |       |       |    12 ||    12
